cohdb
Replays
Latest Replays
All Replays
Popular Replays
Top Player Replays
Match Explorer
How It Works
Community
CoH3 Stats
Reddit
Sign in to upload your games and track your stats! →
Sign in with Steam
Match 45269176
Unlisted
Match 45269176
Overview
Messages
Build Orders
End
Vickers Machine Gun Team
Construct Section Command Post
Selects Air and Sea Battlegroup
Infantry Section
Infantry Section
Infantry Section
Grenade Package
Construct Platoon Command Post
Selects Supply Surplus
Construct Field Infirmary
6-pounder Anti-tank Gun Team
Forward Retreat Point
Infantry Training
Unlock Bishop Self-propelled Artillery
Bishop Self-propelled Artillery
Bishop Self-propelled Artillery
Bishop Self-propelled Artillery
6-pounder Anti-tank Gun Team
Construct Company Command Post
Construct Field Infirmary
Forward Retreat Point
Unlock M3 Grant Medium Tanks
Hans Landa
[ZGS] DarkFire
Papa Mussolini's Pizza Service
DerPrimat
VndctL
Lost
Cmdte. Canela
ionwood
0
0
Comments
sign in to comment!
No comments posted yet!